 Dungeon Crawl Stone Soup version 0.29-a0-283-ga02f740833 (webtiles) character file.

Game seed: 3797679310489402677

191 spaghetti the Ducker (level 5, -33/32 HPs)
             Began as a Tengu Fighter on Mar 13, 2022.
             Killed from afar by an orc (34 damage)
             ... with a bolt of acid
             ... on level 4 of the Dungeon.
             The game lasted 00:04:15 (3511 turns).

spaghetti the Ducker (Tengu Fighter)                Turns: 3511, Time: 00:04:16

Health: -33/32     AC:  9    Str: 16    XL:     5   Next: 70%
Magic:  6/6        EV: 13    Int: 11    God:
Gold:   131        SH:  4    Dex: 13    Spells: 4/4 levels left

rFire   + . .      SeeInvis .   k - +1 dagger (venom) {short}
rCold   . . .      Faith    .   c - +0 buckler
rNeg    . . .      Spirit   .   b - +1 scale mail
rPois   .          Reflect  .   (helmet restricted)
rElec   .          Harm     .   (no cloak)
rCorr   .          Rampage  .   f - +0 pair of gloves
Will    .....                   (boots unavailable)
Stlth   ..........              (no amulet)
HPRegen 0.10/turn               m - ring of protection from fire
MPRegen 0.10/turn               (no ring)

@: about to teleport, flying quickly and evasively, quick
A: beak, talons 3, nimble flight
a: no special abilities


You were on level 4 of the Dungeon.
You visited 1 branch of the dungeon, and saw 4 of its levels.

You collected 131 gold pieces.


Innate Abilities, Weirdness & Mutations

You have a beak for a mouth.
You have claws for feet.
Your magical nature lets you fly swiftly and evasively.


   Skills:
 - Level 3.0 Fighting
 - Level 2.1 Long Blades
 - Level 3.2 Armour
 + Level 5.8 Dodging
 - Level 3.0 Shields


You had 4 spell levels left.
You didn't know any spells.
Your spell library contained the following spells:

 Spells                   Type           Power      Damage    Failure   Level
 Animate Skeleton         Necr           0%         N/A       86%         1
 Apportation              Tloc           0%         N/A       86%         1
 Pain                     Necr           0%         1d4       86%         1
 Summon Small Mammal      Summ           0%         N/A       86%         1
 Call Canine Familiar     Summ           0%         N/A       99%         3
 Gell's Gravitas          Tloc           0%         N/A       99%         3
 Lesser Beckoning         Tloc           0%         N/A       99%         3
 Portal Projectile        Hex/Tloc       0%         N/A       99%         3
 Teleport Other           Tloc           0%         N/A       99%         3
 Vampiric Draining        Necr           0%         2d6       99%         3
 Animate Armour           Summ/Erth      0%         N/A       100%        4
 Leda's Liquefaction      Hex/Erth       0%         N/A       100%        4
 Blade Hands              Tmut           0%         N/A       100%        5
 Iron Shot                Conj/Erth      0%         9d1       100%        6

Inventory:

Hand Weapons
 a - a +0 long sword {long}
 k - a +1 dagger of venom (weapon) {short}
   (You took it off a goblin on level 2 of the Dungeon)
Missiles
 h - 105 stones (quivered) {throwing}
 i - 9 poisoned darts {throwing}
Armour
 b - a +1 scale mail (worn)
 c - a +0 buckler (worn)
 f - a +0 pair of gloves (worn)
   (You found it on level 3 of the Dungeon)
Jewellery
 m - a ring of protection from fire (left hand)
   (You found it on level 3 of the Dungeon)
Scrolls
 j - 2 scrolls of enchant armour
 l - a scroll of vulnerability {!r!r}
Potions
 d - 2 potions of might
 e - a potion of experience {unknown}
 n - a potion of mutation {unknown}
 o - a potion of flight {unknown}
 p - a potion of ambrosia {unknown}

Dungeon Overview and Level Annotations

Branches:
Dungeon (4/15)
 Temple: D:4-7

Altars:
Dithmenos

Shops:
D:2 * D:3

! #### .....
....(.########
.(..o.)@.....#
...o.(######.#
..o.. #.# ....
##'#### ##.
#.....######## #
###.............
.........########
..........#
...........#


You could see an orc priest and 2 orcs.


Message History

h - 84 stones {throwing} (gained 1)
d - 2 potions of might (gained 1) Key pressed, stopping explore.
You reach down and open the door.
There is an open door here.
There is an open door here.
As you open the door, it creaks loudly! 😎 HP[+5]
Your hp is fully restored (32).
There is an open door here.
You now have 131 gold pieces (gained 9).
o - a coppery potion An endoplasm comes into view.
The endoplasm quivers.
An endoplasm is nearby!
You throw a stone {throwing}.
The stone {throwing} hits the endoplasm.
You throw a stone {throwing}.
The stone {throwing} hits the endoplasm.
You throw a stone {throwing}.
The stone {throwing} hits the endoplasm but does no damage.
You throw a stone {throwing}.
The stone {throwing} barely misses the endoplasm.
You throw a stone {throwing}.
The stone {throwing} hits the endoplasm.
The endoplasm freezes you.
You are frozen.
You hit the endoplasm but do no damage. You claw the endoplasm.
You peck the endoplasm.
You kill the endoplasm!
No target in view! 😕 HP[-5]
You take 5 damage, and now have 27/32 hp.
No target in view!
No target in view!
No target in view!
No target in view!
No target in view!
No target in view!
No target in view!
No target in view!
No target in view!
h - 80 stones {throwing} (gained 1)
h - 81 stones {throwing} (gained 1)
h - 82 stones {throwing} (gained 1)
h - 83 stones {throwing} (gained 1)
You reach down and open the large door.
Found a stone staircase leading up. 😎 HP[+5]
Your hp is fully restored (32).
There is a large open door here.
There is a large open door here.
There is a large open door here.
There is a large open door here.
You see here a +0 falchion {long}.
Key pressed, stopping explore.
h - 107 stones {throwing} (gained 24)
There is an open door here.
As you open the door, it creaks loudly!
There is an open door here.
There is an open door here.
As you open the door, it creaks loudly!
No target in view!
There is an open door here.
You reach down and open the door.
An orc priest and 3 orcs come into view.
The orc shouts! x3
The orc moves out of view.
There are monsters nearby!
There are monsters nearby!
You throw a stone {throwing}.
The stone {throwing} hits the orc priest but does no damage.
The orc throws a boomerang.
The boomerang hits you but does no damage.
An orc comes into view.
It is wielding a +0 dagger and carrying a wand of acid (10).
You throw a stone {throwing}. The orc shouts!
The stone {throwing} hits the orc.
The orc priest calls upon Beogh to heal the orc.
The orc's wounds heal themselves!
You closely miss the orc. You claw the orc. The orc closely misses you.
You hit the orc.
The orc is poisoned.
The orc zaps a wand.
The bolt of acid hits the orc!!
The orc dies!
The bolt of acid hits you!!
Ouch! That really hurt!
* * * LOW HITPOINT WARNING * * *
😱 HP[-31]
You take 31 damage, and now have 1/32 hp.
MASSIVE DAMAGE!! (PAUSE)
As you read the scroll of teleportation {@r4}, it crumbles to dust.
You feel strangely unstable. The orc hits you but does no damage.
The orc zaps a wand.
The bolt of acid hits the orc!!
The acid corrodes the orc!
The orc dies!
The bolt of acid hits you!!
Ouch! That really hurt!
You die...

Skill      XL: |  1  2  3  4 |
---------------+-------------+-----
Dodging        | 1 2 3 5 |  5.8
Fighting       | |  3.0
Long Blades    | |  2.1
Armour         | |  3.2
Shields        | |  3.0

Action                   |  1- 3 |  4- 6 || total
-------------------------+-------+-------++-------
Melee: Long sword        |    62 |       ||    62
       Kick              |    16 |    13 ||    29
       Peck              |     9 |     9 ||    18
       Dagger            |     7 |    52 ||    59
Throw: Boomerang         |    51 |    11 ||    62
       Stone             |       |    43 ||    43
  Use: Scroll            |       |     8 ||     8
Armor: Scale mail        |    36 |    14 ||    50
Dodge: Dodged            |    24 |    13 ||    37
Block: Buckler           |    19 |     8 ||    27

Levels and vault maps discovered:
D:1:      psy_arrival_conway, layout_loops_ring, amcnicky_mini_corridor_feature,
          grunt_decor_junction
D:2:      layout_rooms, serial_shops, nicolae_shop_hallway_plus
D:3:      layout_loops_cross, serial_shops, nicolae_shop_stone, uniq_natasha
D:4:      layout_basic, mainiacjoe_overflow_six_doors_small

Notes
Turn   | Place    | Note
-------+----------+-------------------------------------------
     0 | D:1      | spaghetti the Tengu Fighter began the quest for the Orb.
     0 | D:1      | Reached XP level 1. HP: 14/14 MP: 2/2
     0 | D:1      | magus.rc [v1.9.6]
   302 | D:1      | Reached skill level 1 in Dodging
   335 | D:1      | Reached XP level 2. HP: 9/19 MP: 3/3
   515 | D:1      | You pick up a book of Iron and begin reading...
   515 | D:1      | You add the spells Animate Armour, Blade Hands and Iron
                  | Shot to your library.
   566 | D:1      | You pick up a book of Displacement and begin reading...
   566 | D:1      | You add the spells Lesser Beckoning, Gell's Gravitas and
                  | Teleport Other to your library.
   575 | D:1      | Reached skill level 2 in Dodging
   649 | D:1      | You pick up a book of Necromancy and begin reading...
   649 | D:1      | You add the spells Pain, Animate Skeleton and Vampiric
                  | Draining to your library.
  1177 | D:1      | Reached XP level 3. HP: 23/23 MP: 4/4
  1239 | D:2      | Reached skill level 3 in Dodging
  1347 | D:2      | Found Zasunn's Assorted Antiques.
  1586 | D:2      | Reached XP level 4. HP: 28/28 MP: 5/5
  1776 | D:3      | Reached skill level 4 in Dodging
  1833 | D:3      | Found Kitt's Distillery.
  1945 | D:3      | You pick up a book of the Hunter and begin reading...
  1945 | D:3      | You add the spells Call Canine Familiar, Portal Projectile
                  | and Leda's Liquefaction to your library.
  1999 | D:3      | HP: 7/28 [gnoll/+0 club (3)]
  2009 | D:3      | HP: 6/28 [gnoll/+0 club (1)]
  2302 | D:3      | You pick up a book of Cantrips and begin reading...
  2302 | D:3      | You add the spells Summon Small Mammal and Apportation to
                  | your library.
  2327 | D:3      | Noticed Natasha
  2478 | D:3      | Killed Natasha
  2479 | D:3      | Reached skill level 5 in Dodging
  2479 | D:3      | Gained mutation: Your magical nature lets you fly swiftly
                  | and evasively. [Tengu growth]
  2479 | D:3      | Reached XP level 5. HP: 25/32 MP: 6/6
  2617 | D:3      | Noticed Natasha
  2630 | D:3      | Killed Natasha
  3134 | D:4      | Found a shadowy altar of Dithmenos.
  3510 | D:4      | HP: 1/32 [orc/bolt of acid (31)]
  3511 | D:4      | Killed from afar by an orc

Vanquished Creatures
  A hound (D:4)
  Natasha (twice) (D:3)
  3 gnolls
  2 worms (D:2)
  4 dart slugs
  3 orcs
  4 ball pythons
  8 endoplasms
  3 giant cockroaches (D:2)
  7 goblins
  11 hobgoblins
  A kobold (D:2)
  A quokka (D:1)
  5 bats
  2 frilled lizards
  7 rats
64 creatures vanquished.

Vanquished Creatures (others)
  2 orcs (D:4)
2 creatures vanquished.

Grand Total: 66 creatures vanquished

Table legend:
 A = Non-vault XP
 B = Vault XP
 C = Vault XP percentage of total XP
 D = Non-vault monster count
 E = Vault monster count
 F = Vault count percentage of total count
                 A         B        C        D         E       F
            +---------+---------+-------+---------+---------+-------
      Total |     238 |      36 |  13.1 |      64 |       1 |   1.5
            +---------+---------+-------+---------+---------+-------
        D:1 |      34 |       0 |   0.0 |      17 |       0 |   0.0
        D:2 |      63 |       0 |   0.0 |      26 |       0 |   0.0
        D:3 |      85 |      36 |  29.8 |      13 |       1 |   7.1
        D:4 |      56 |       0 |   0.0 |       8 |       0 |   0.0
            +---------+---------+-------+---------+---------+-------

Illustrated notes

Table legend:
 A = Kills in this place as a percentage of kills in entire the game.
 B = Kills by you in this place as a percentage of kills by you in the entire game.
 C = Kills by friends in this place as a percentage of kills by friends in the entire game.
 D = Other kills in this place as a percentage of other kills in the entire game.
 E = Experience gained in this place as a percentage of experience gained in the entire game.
 F = Experience gained in this place divided by the number of levels of this place that you have seen.
                   A       B       C       D       E      F
               +-------+-------+-------+-------+-------+----------------------
         Total | 100.0 | 100.0 |   N/A | 100.0 | 100.0 |  68.5
       Dungeon | 100.0 | 100.0 |   N/A | 100.0 | 100.0 |  68.5
               +-------+-------+-------+-------+-------+----------------------

Table legend: (Time is in decaauts)
 A = Elapsed time spent in this place.
 B = Non-inter-level travel time spent in this place.
 C = Inter-level travel time spent in this place.
 D = Time resting spent in this place.
 E = Time spent auto-exploring this place.
 F = Levels seen in this place.
 G = Mean time per level.
                   A        B        C        D        E       F      G
               +--------+--------+--------+--------+--------+-----+--------+
         Total |   3498 |   3390 |    108 |    745 |   2132 |   4 |  874.5 |
       Dungeon |   3498 |   3390 |    108 |    745 |   2132 |   4 |  874.5 |
               +--------+--------+--------+--------+--------+-----+--------+

Top non-repeatable levels by time:
     D:1: 1209 daAuts
     D:3: 781 daAuts
     D:2: 763 daAuts
     D:4: 744 daAuts
